AoeStats
← eyupfc

Arabia

510594603Analyzed
3v3 RM · 2d ago on Oct 1, 2026· 59m 58s· 6 players
Game mode
Random Map
Map size
Normal (6 player)
Population
200
Speed
Normal
Resources
Standard
Victory
Conquest
Starting age
Dark Age
Ending age
Imperial Age
RankedLock teamsTeams togetherTeam positionsShared explorationLock speedFull tech treeHidden civsTurbo modeCheats
Victory
Defeat
🇩🇪 Chinese · Germany
1300
+11
🇹🇼 Saxons · Taiwan
1271
+12
🇩🇪 Franks · Germany
1078
+19
🇺🇸 Magyars · United States
1193
-15
🇹🇷 Maya · Türkiye
1175
-14
🇫🇷 Franks · France
1139
-13
ÌTÀlï@™
10:20 Feudal Age
12:38 Wheelbarrow
11:53 Double-Bit Axe
18:54 Castle Age
20:23 Scale Barding Armor
21:01 Husbandry
22:28 Scale Mail Armor
23:22 Town Watch
23:53 Hand Cart
23:23 Loom
27:01 Chain Barding Armor
36:04 Imperial Age
39:53 Plate Barding Armor
39:29 Forging
39:17 Cavalier
41:25 Chain Mail Armor
42:36 Paladin
48:39 Plate Mail Armor
48:44 Iron Casting
eyupfc
0:27 Loom
9:25 Feudal Age
9:28 Man-at-Arms
9:59 Double-Bit Axe
13:17 Arson
16:01 Fletching
19:50 Padded Archer Armor
23:39 Castle Age
22:22 Horse Collar
22:33 Gold Mining
23:44 Crossbowman
24:27 Bodkin Arrow
24:44 Bow Saw
25:46 Leather Archer Armor
26:52 Wheelbarrow
27:08 Ballistics
29:32 Town Watch
29:52 Squires
32:18 Long Swordsman
35:51 Imperial Age
33:05 Long Swordsman
34:47 Scale Mail Armor
36:15 Forging
36:29 Arbalester
39:55 Chemistry
38:58 Bracer
39:09 Two-Handed Swordsman
40:08 Chain Mail Armor
41:17 Iron Casting
42:03 Conscription
42:41 Ring Archer Armor
43:19 Thumb Ring
45:43 Pikeman
48:10 Halberdier
53:13 Plate Mail Armor
53:44 Blast Furnace
56:18 Eagle Warrior
56:51 Elite Plumed Archer
57:16 Elite Eagle Warrior
My Baby Shot Me Down
7:01 Loom
9:19 Feudal Age
9:53 Double-Bit Axe
10:29 Horse Collar
15:18 Gold Mining
17:49 Wheelbarrow
19:09 Padded Archer Armor
23:35 Fletching
24:43 Town Watch
29:03 Castle Age
27:22 Stone Mining
30:15 Bow Saw
30:43 Gold Shaft Mining
30:15 Heavy Plow
30:10 Elite Skirmisher
30:50 Bodkin Arrow
32:01 Leather Archer Armor
34:16 Ballistics
36:43 Scale Barding Armor
36:49 Corvinian Army
39:55 Pikeman
42:50 Scale Mail Armor
56:53 Light Cavalry
antomich3
0:34 Loom
10:06 Feudal Age
13:39 Horse Collar
14:53 Double-Bit Axe
15:06 Fletching
17:15 Forging
19:20 Scale Mail Armor
23:49 Castle Age
23:38 Padded Archer Armor
24:27 Bodkin Arrow
24:03 Crossbowman
27:05 Thumb Ring
27:22 Bow Saw
27:14 Heavy Plow
29:08 Ballistics
35:05 Leather Archer Armor
43:35 Imperial Age
41:21 Town Watch
42:12 Wheelbarrow
43:45 Town Patrol
44:00 Hand Cart
44:25 Bracer
43:52 Arbalester
44:00 Capped Ram
45:54 Gold Mining
47:00 Ring Archer Armor
48:03 Chemistry
48:38 Siege Ram
49:48 Masonry
49:34 Stone Mining
52:11 Iron Casting
51:52 Chain Mail Armor
53:03 Pikeman
53:44 Squires
53:44 Halberdier
54:58 Plate Mail Armor
55:38 Blast Furnace
55:34 Scale Barding Armor
57:01 Conscription
krafrijo
12:34 Feudal Age
17:05 Castle Age
14:58 Double-Bit Axe
25:38 Bow Saw
26:23 Scale Barding Armor
27:31 Husbandry
28:00 Forging
28:54 Chain Barding Armor
31:19 Iron Casting
38:42 Imperial Age
36:52 Wheelbarrow
36:02 Town Watch
38:46 Cavalier
40:09 Plate Barding Armor
40:35 Blast Furnace
40:33 Paladin
45:18 Conscription
45:01 Chivalry
44:36 Light Cavalry
Yoshi needs sushi
7:36 Loom
10:05 Feudal Age
18:22 Castle Age
17:47 Fletching
21:58 Double-Bit Axe
23:15 Town Watch
25:00 Horse Collar
25:48 Elite Skirmisher
26:07 Elite Skirmisher
28:05 Bodkin Arrow
30:01 Ballistics
31:07 Padded Archer Armor
32:12 Leather Archer Armor
32:40 Gold Mining
34:54 Bow Saw
35:24 Wheelbarrow
36:17 Scale Mail Armor
39:10 Imperial Age
36:59 Hand Cart
37:04 Forging
36:42 Gambesons
37:22 Stone Mining
37:02 Man-at-Arms
37:33 Treadmill Crane
38:39 Masonry
38:52 Chain Mail Armor
38:40 Squires
38:26 Arson
38:02 Long Swordsman
39:42 Gold Shaft Mining
40:37 Architecture
40:47 Plate Mail Armor
40:30 Bracer
40:29 Two-Handed Swordsman
42:03 Iron Casting
43:05 Ring Archer Armor
42:19 Champion
44:33 Chemistry
43:42 Thumb Ring
47:23 Pikeman
48:40 Conscription
50:53 Heavy Plow
54:52 Crop Rotation
55:48 Two-Man Saw
56:14 Halberdier
59:14 Hoardings
59:17 Guard Tower
59:13 Arrowslits
Connection lost

Rejoining the realm…

Still unreachable

The connection could not be restored.

Session expired

The server has moved on; the page needs a fresh start.